 BcadrenCrawl: Boulder Brew version 0.03.3.1 (webtiles) character file.

Game seed: 8351903379223816633, levelgen mode: deterministic

3544 Chiseanne the Fighter (level 9, -3/86 HPs) Blue Draconian Demonspawn. Began on Mar 12, 2021. Was a Believer of Bahamut & Tiamat. Slain by an orc warrior ... wielding a +0 halberd (16 damage) ... on level 5 of the Dungeon. The game lasted 00:15:45 (4516 turns).

Chiseanne the Fighter (Blue Draconian Demonspawn)   Turns: 4516, Time: 00:15:46

Health: -3/86      AC:  7    Str: 21    XL:     9 ^: 465
Magic:  18/18      EV: 15    Int: 14    God:    Bahamut & Tiamat [2* [51]]
Gold:   255        SH:  0    Dex: 13    Spells: 15/20 levels left

rFire    . . .     Vision   .   a - +1 war axe (molten)
rCold    . . .     Gourm    .   (no weapon)
rNeg     . . .     Faith    .   (armour unavailable)
rPois    .         Spirit   .   (helmet restricted)
rElec    +         Reflect  .   d - scarf {repulsion}
rCorr    .         Harm     .   (no gloves)
MR       +....                  (no boots)
Stlth    ++........             (no amulet)
HPRegen  0.38/turn              r - ring of slaying
MPRegen  0.28/turn              g - ring of protection from magic

@: mighty, corroded, repel missiles
A: no body armour, unfitting armour, rugged brown scales 3, powered by pain 1,
cold-blooded, air enhancer 1, rElec, AC +8
a: Breathe Lightning, Choose Bahamut's Refined Breath, Choose Tiamat's Adaptive
Breath, Renounce Religion


You were on level 5 of the Dungeon.
You worshipped Bahamut & Tiamat.
Bahamut & Tiamat was pleased with you.
You were hungry.

You visited 1 branch of the dungeon, and saw 5 of its levels.

You collected 255 gold pieces.

Inventory:

Weapons
 a - a +1 war axe of molten steel (weapon)
 o - a +1 flail of protection
 s - a cursed +2 falchion of electrocution {(Curse: rC-)}
Armour
 d - a scarf of repulsion (worn)
Jewellery
 g - a ring of protection from magic (right hand)
 r - a ring of slaying (left hand)
Wands
 i - a wand of polymorph (1)
 n - a wand of ensnaring (2)
Scrolls
 b - 3 scrolls of immolation
 e - a scroll of fog
 f - 2 scrolls of teleportation
Potions
 h - 6 potions of curing
 j - a potion of ambrosia
 l - a potion of cure mutation
 m - 3 potions of might
 q - a potion of heal wounds
Comestibles
 c - 11 rations


   Skills:
 * Level 8.1 Fighting
 - Level 3.7 Axes & Hammers
 * Level 6.0 Dodging
 - Level 1.3 Stealth
 * Level 6.3 Spellcasting
   Level 1.5 Fire Magic
 * Level 6.6 Air Magic
 * Level 1.9 Poison Magic
 - Level 3.0 Invocations


You had 15 spell levels left.
You knew the following spells:

 Your Spells              Type           Power        Failure   Level  Hunger
a - Blink                 Tloc           N/A          24%         2    #......
b - Mephitic Cloud        Pois/Air       24 (100)     8%          3    ###....

Your spell library contained the following spells:

 Spells                   Type           Power        Failure   Level  Hunger
 Flame Tongue             Fire           8 (30)       9%          1    None
 Call Imp                 Summ           4 (100)      24%         2    #......
 Slow                     Hex            4 (100)      24%         2    #......
 Conjure Flame            Fire           8 (100)      24%         3    ###....


Dungeon Overview and Level Annotations

Branches:
Dungeon (5/8)              Temple (0/1) D:4
   Lair: D:5

Altars:
Bahamut & Tiamat
Elyvilon
Fedhas Madash
Gozag Ym Sagoz
Sif Muna


Innate Abilities, Weirdness & Mutations

You cannot fit into any form of body armour.
Your flickering blue scales are hard. (AC +8)
You can breathe wild blasts of lightning You are completely covered in rugged brown scales. (AC +3, +7% HP)
You sometimes gain a little power by taking damage.
You are cold-blooded and may be slowed by cold attacks.
You are in touch with the powers of the sky.
Your flickering blue scales grant you resistance to electric shocks. (rElec)


Message History

You are too injured to fight recklessly!
You are too injured to fight recklessly!
You are too injured to fight recklessly!
You are too injured to fight recklessly!
You are too injured to fight recklessly!
You are too injured to fight recklessly!
You are too injured to fight recklessly!
You are too injured to fight recklessly!
You are too injured to fight recklessly!
The yak gores you (15)!
* * * LOW HITPOINT WARNING * * *
An orc comes into view.
The yak barely misses you (0). The yak gores you but does no damage.
There is a stone staircase leading up here.
The black bear barely misses you (0). x2
The black bear completely misses you (0).
The worker ant zombie barely misses you (0).
The orc warrior hits you from afar with a +0 halberd (16)!
You die...

....###........#
..............#
.............[#
.........o....##
........o†.....#
.........)......
......ooo)o.....
#.....YhYYY....o
#......@Z<...o..
#......†<.......
................
................
...............#
............%.##
..............#
..............#


You could see 4 yaks, an orc warrior, a black bear, 2 orc priests, 4 orcs and a
worker ant zombie.

Vanquished Creatures
  2 yaks (D:5)
  Menkaure (D:3)
  Edmund (D:3)
  A phantom (D:4)
  An orc warrior (D:4)
  2 water moccasins (D:2)
  3 scorpions
  A porcupine (D:3)
  A sky beast (D:4)
  2 black bears
  Ijyb (D:3)
  2 crocodiles (D:2)
  4 big kobolds
  2 bullfrogs (D:4)
  A centaur (D:2)
  2 hounds (D:3)
  4 jellies
  3 crimson imps
  3 orc priests
  2 orc wizards
  5 worker ants
  A wyvern skeleton (D:4)
  10 giant cockroaches
  2 bullfrog skeletons (D:4)
  3 shadow imps
  4 adders
  46 sewer rats (D:2)
  5 worms (D:2)
  5 cinder newts
  An ooze (D:2)
  3 dart slugs (D:1)
  3 leopard geckos (D:2)
  16 orcs
  5 ball pythons
  8 bats (D:1)
  9 jackals (D:4)
  A quokka (D:3)
  3 goblins (D:1)
  A goblin skeleton (D:2)
  21 kobolds
  2 kobold skeletons (D:2)
  A leopard gecko skeleton (D:2)
  7 rats
  7 bushes (D:2)
  18 withered plants (D:2)
226 creatures vanquished.

Vanquished Creatures (others)
  A bat (D:2)
  A bat skeleton (D:2)
  A kobold (D:2)
  A bush (D:2)
  3 slimeheads (D:2)
  149 withered plants (D:2)
156 creatures vanquished.

Grand Total: 382 creatures vanquished

Notes
Turn   | Place    | Note
-------+----------+-------------------------------------------
     0 | D:1      | Chiseanne the Immature Draconian Demonspawn began the quest
                  | for the Orb.
     0 | D:1      | Reached XP level 1. HP: 16/16 MP: 3/3
    68 | D:1      | Gained mutation: You are partially covered in rugged brown
                  | scales. (AC +1, +3% HP) [demonic ancestry]
    68 | D:1      | Reached XP level 2. HP: 14/24 MP: 4/4
    69 | D:1      | Reached skill level 2 in Fighting
   229 | D:1      | Reached XP level 3. HP: 29/29 MP: 5/5
   684 | D:1      | Gained mutation: You are mostly covered in rugged brown
                  | scales. (AC +2, +5% HP) [demonic ancestry]
   684 | D:1      | Reached XP level 4. HP: 30/38 MP: 6/6
   834 | D:2      | Reached skill level 3 in Fighting
   837 | D:2      | Reached XP level 5. HP: 25/47 MP: 7/7
   891 | D:2      | Found a blossoming altar of Fedhas.
   906 | D:2      | Reached skill level 4 in Fighting
   906 | D:2      | Gained mutation: You sometimes gain a little power by
                  | taking damage. [demonic ancestry]
   906 | D:2      | Reached XP level 6. HP: 29/54 MP: 8/8
  1035 | D:2      | Noticed a water moccasin
  1040 | D:2      | Killed a water moccasin
  1132 | D:2      | Your scales start taking on a flickering blue colour.
  1132 | D:2      | Reached XP level 7. HP: 63/63 MP: 9/9
  1132 | D:2      | Gained mutation: Your flickering blue scales grant you
                  | resistance to electric shocks. (rElec) [Blue Draconian
                  | growth]
  1132 | D:2      | Gained mutation: You are in touch with the powers of the
                  | sky. [Blue Draconian growth]
  1363 | D:2      | Found a shimmering blue altar of Sif Muna.
  1369 | D:2      | Learned a level 3 spell: Mephitic Cloud
  1507 | D:2      | Reached skill level 5 in Fighting
  1527 | D:2      | Reached skill level 1 in Air Magic
  1784 | D:2      | Learned a level 2 spell: Blink
  1798 | D:2      | Reached XP level 8. HP: 66/73 MP: 12/12
  1928 | D:2      | Found an opulent altar of Gozag.
  2077 | D:2      | Reached skill level 6 in Fighting
  2612 | D:3      | Noticed Ijyb
  2614 | D:3      | Noticed Menkaure
  2622 | D:3      | Killed Ijyb
  2622 | D:3      | Reached skill level 5 in Dodging
  2825 | D:3      | Identified the cursed ring of Oklol {rElec Int+5 Slay+6
                  | Stlth-, (Curse: Fragile)}
  2825 | D:3      | Noticed Edmund
  2835 | D:3      | Killed Edmund
  3014 | D:3      | Killed Menkaure
  3014 | D:3      | Reached skill level 5 in Air Magic
  3014 | D:3      | Gained mutation: You are completely covered in rugged brown
                  | scales. (AC +3, +7% HP) [demonic ancestry]
  3014 | D:3      | Reached XP level 9. HP: 66/83 MP: 14/16
  3016 | D:3      | Reached skill level 7 in Fighting
  3140 | D:3      | Reached skill level 5 in Spellcasting
  3261 | D:3      | Found an ornate altar of Bahamut and Tiamat.
  3261 | D:3      | Found a white marble altar of Elyvilon.
  3268 | D:3      | Became a worshipper of Bahamut & Tiamat
  3526 | D:4      | Found a staircase to the Ecumenical Temple.
  3816 | D:4      | Reached * piety under Bahamut & Tiamat
  4007 | D:4      | Reached skill level 1 in Poison Magic
  4042 | D:4      | Identified a scroll of acquirement
  4293 | D:4      | Identified the +0 hat "Cuesu" {Dex+4} (You acquired it on
                  | level 4 of the Dungeon)
  4293 | D:4      | Identified Qitarij's Guide on the Sinister Compass (You
                  | acquired it on level 4 of the Dungeon)
  4501 | D:5      | Entered Level 5 of the Dungeon
  4511 | D:5      | Reached ** piety under Bahamut & Tiamat
  4511 | D:5      | Reached skill level 8 in Fighting
  4516 | D:5      | Slain by an orc warrior

Levels and vault maps discovered:
D:1:      dpeg_arrival_concentric_ovals, layout_basic
D:2:      layout_sewer, old_standard_altar, kennysheep_little_box,
          fedhas_bush_and_centaur_altar
D:3:      layout_rooms, chequers_temple_overflow_statue_of_worship,
          first_ration, uniq_menkaure, uniq_edmund, uniq_ijyb
D:4:      layout_stronghold, minmay_temple_entry_ruins
D:5:      layout_big_octagon, lair_entry_dummy, serial_shops,
          nicolae_shop_temple_entry_statues_fountains

Skill      XL: |  1  2  3  4  5  6  7  8  9 |
---------------+----------------------------+-----
Fighting       | 2 3 4 5 6 8 |  8.1
Axes & Hammers | 2 3 |  3.7
Dodging        | 3 4 5 6 |  6.0
Air Magic      | 2 5 6 |  6.6
Spellcasting   | 2 4 6 |  6.3
Poison Magic   | 1 |  1.9
Stealth        | |  1.3
Fire Magic     | |  1.5
Invocations    | |  3.0

Action                   |  1- 3 |  4- 6 |  7- 9 || total
-------------------------+-------+-------+-------++-------
Melee: War axe           |    42 |    69 |   242 ||   353
       Unarmed           |    20 |    48 |   132 ||   200
       Tailslap          |     3 |     9 |    19 ||    31
 Cast: Mephitic Cloud    |       |       |     1 ||     1
Invok: Choose Bahamut's  |       |       |     1 ||     1
 Abil: Breathe Dart      |       |     1 |       ||     1
  Use: Potion            |       |     2 |     1 ||     3
       Scroll            |       |     1 |     5 ||     6
 Stab: Sleeping          |     1 |       |     3 ||     4
       Confused          |       |       |     2 ||     2
  Eat: Chunk             |       |     1 |    12 ||    13
Armor: Skin              |     7 |    37 |    90 ||   134
Dodge: Dodged            |    39 |    79 |   204 ||   322
       Deflected         |       |     2 |       ||     2
